 Dungeon Crawl Stone Soup version 0.28.0-53-g5a82cb258f (webtiles) character file.

Game seed: 4166134511258293959

388 cbfl8 the Skirmisher (level 7, -6/55 HPs)
             Began as a Formicid Abyssal Knight on Nov 29, 2022.
             Was a Priest of Lugonu.
             Splashed by a jelly's acid (9 damage)
             ... on level 4 of the Dungeon.
             The game lasted 00:06:04 (4486 turns).

cbfl8 the Skirmisher (Formicid Abyssal Knight)      Turns: 4486, Time: 00:06:06

Health: -6/55      AC: -14   Str: 17    XL:     7   Next: 7%
Magic:  8/8        EV:  7    Int: 10    God:    Lugonu [***...]
Gold:   102        SH:  3    Dex: 13    Spells: 6/6 levels left

rFire   . . .      SeeInvis +   a - +1 hand axe
rCold   + . .      Faith    +   n - +0 buckler
rNeg    . . .      Spirit   .   g - +0 chain mail
rPois   .          Reflect  .   (helmet unavailable)
rElec   .          Harm     .   (no cloak)
rCorr   .          Rampage  .   (no gloves)
Will    .....                   (no boots)
Stlth   ..........              r - amulet of faith
HPRegen 0.18/turn               m - ring of protection from cold
MPRegen 0.11/turn               (no ring)

@: corroded
A: permanent stasis, dig shafts and tunnels, antennae 3, four strong arms
a: Dig, Shaft Self, Renounce Religion, Depart the Abyss, Bend Space, Banish


You were on level 4 of the Dungeon.
You worshipped Lugonu.
Lugonu was most pleased with you.
You visited 1 branch of the dungeon, and saw 4 of its levels.
You visited the Abyss 1 time.

You collected 102 gold pieces.

Inventory:

Hand Weapons
 a - a +1 hand axe (weapon)
Missiles
 p - a throwing net (quivered)
Armour
 g - a +0 chain mail (worn)
 n - a +0 buckler (worn)
Jewellery
 m - a ring of protection from cold (left hand)
 r - an amulet of faith (around neck)
Scrolls
 d - a scroll of torment {unknown}
 e - 3 scrolls of identify {unknown}
 f - a scroll of teleportation {unknown}
 i - a scroll of magic mapping {unknown}
 j - a scroll of acquirement {unknown}
 s - a scroll of holy word {unknown}
Potions
 b - 3 potions of invisibility {unknown}
 c - 2 potions of haste
 h - a potion of lignification {unknown}
 k - a potion of brilliance {unknown}
 l - 2 potions of mutation {unknown}
 o - a potion of heal wounds {unknown}
 q - a potion of might {unknown}


   Skills:
 * Level 4.6 Fighting
 + Level 3.6(3.9) Axes
 * Level 1.9(3.1) Polearms
 + Level 0.1 Throwing
 + Level 3.9 Armour
 + Level 1.8 Dodging
 + Level 0.6 Shields
 + Level 2.2 Invocations
 * Level 2.4 Evocations


You had 6 spell levels left.
You didn't know any spells.
Your spell library contained the following spells:

 Spells                   Type           Power      Damage    Failure   Level
 Sandblast                Erth           0%         2d4       100%        1
 Passwall                 Tmut/Erth      0%         N/A       100%        2
 Stone Arrow              Conj/Erth      0%         3d7       100%        3


Dungeon Overview and Level Annotations

Branches:
Dungeon (4/15)
 Temple: D:4-7

Altars:

Shops:
D:3 [

Annotations:
D:3 1 runed translucent door, Jingleheimer's ghost, amateur DsCj


Innate Abilities, Weirdness & Mutations

You cannot be hasted, slowed, berserked, paralysed or teleported.
You can dig through walls and to a lower floor.
You have a pair of large antennae on your head. (SInv)
Your four strong arms can wield two-handed weapons with a shield.


Message History

You block the jelly's attack.
Throw: 2 throwing nets
Press: ? - help, Q - select action, (/) - cycle Shift-Dir - straight line, f - jelly
Aim: a jelly (moderately wounded, 89% to hit)
You throw a throwing net. The throwing net hits the jelly.
The jelly is caught in the net!
The jelly is moderately wounded.
The jelly struggles against the net.
Throw: throwing net
Press: ? - help, Q - select action, (/) - cycle Shift-Dir - straight line, f/p - jelly
Aim: a jelly (moderately wounded, entangled in a net, 98% to hit)
Okay, then.
You hit the jelly but do no damage.
Your hands burn!
The jelly is moderately wounded.
The jelly struggles against the net.
You hit the jelly but do no damage. The acid corrodes you!
Your hands burn!
The jelly is moderately wounded.
The jelly jiggles.
The jelly struggles against the net.
You strike the helpless jelly from behind!
You hit the jelly.
Your hands burn!
The jelly is moderately wounded.
The jelly struggles against the net.
You hit the jelly but do no damage.
Your hands burn!
The jelly is moderately wounded.
The jelly struggles against the net.
The net rips apart, and the jelly comes free!
You hit the jelly but do no damage.
Your hands burn!
The jelly is moderately wounded.
The jelly barely misses you. The jelly hits you.
* * * LOW HITPOINT WARNING * * *
You are splashed with acid.
* * * LOW HITPOINT WARNING * * *
You hit the jelly but do no damage.
Your hands burn!
* * * LOW HITPOINT WARNING * * *
The jelly is moderately wounded.
The jelly hits you.
* * * LOW HITPOINT WARNING * * *
The acid corrodes you!
You are splashed with acid!
You die...

..####(...# #... .
.###.#.#..######.># .#
###..#.#..##..##..##.#
##...'....#...#......#
#....#....+...#......#
.....#....#...#.....
....##.#..##..##..#
...###.#..##'###J.#
+#####.#........@.#{
.......#..........+
.###..##..######..#
..##..##..# #..#
.......#..# ....#
.......#..+ ....#
<.##..###+# ...##
..##..# ##### ..#...#


You could see a jelly.

Vanquished Creatures
  An ice beast (D:4)
  A phantom (D:4)
  A scorpion (D:4)
  A water moccasin skeleton (D:4)
  3 gnolls (D:4)
  An adder (D:2)
  A worm (D:3)
  A dart slug (D:2)
  4 ball pythons
  6 endoplasms
  9 giant cockroaches
  9 goblins
  9 hobgoblins
  10 jackals
  7 kobolds (D:1)
  A quokka (D:1)
  7 bats
  5 rats
77 creatures vanquished.

Vanquished Creatures (others)
  A demonic plant (D:1)
  A fungus (D:1)
  2 plants (D:1)
  2 withered plants (D:1)
6 creatures vanquished.

Grand Total: 83 creatures vanquished

Notes
Turn   | Place    | Note
-------+----------+-------------------------------------------
     0 | Abyss:1  | cbfl8 the Formicid Abyssal Knight began the quest for the
                  | Orb.
     0 | Abyss:1  | Reached XP level 1. HP: 18/18 MP: 2/2
    20 | D:1      | Escaped the Abyss
    49 | D:1      | Reached XP level 2. HP: 17/24 MP: 3/3
   676 | D:1      | Reached skill level 4 in Fighting
   678 | D:1      | Reached XP level 3. HP: 10/26 MP: 4/4
  1059 | D:1      | Reached skill level 1 in Dodging
  1393 | D:1      | Found a faded altar of an unknown god.
  1416 | D:1      | Reached ** piety under Lugonu
  1897 | D:2      | Reached XP level 4. HP: 35/37 MP: 5/5
  1941 | D:2      | Reached skill level 1 in Evocations
  2977 | D:3      | Found Ozuyda's Armour Shoppe.
  3000 | D:3      | Reached skill level 1 in Polearms
  3088 | D:3      | Found a runed translucent door.
  3088 | D:3      | Noticed Jingleheimer's ghost (amateur DsCj)
  3512 | D:4      | Reached XP level 5. HP: 32/42 MP: 6/6
  3764 | D:4      | Noticed a phantom
  3781 | D:4      | Killed a phantom
  3782 | D:4      | Reached XP level 6. HP: 27/49 MP: 7/7
  4022 | D:4      | Noticed an ice beast
  4042 | D:4      | Killed an ice beast
  4189 | D:4      | Reached *** piety under Lugonu
  4195 | D:4      | Reached XP level 7. HP: 20/55 MP: 8/8
  4486 | D:4      | Splashed by a jelly's acid

Illustrated notes

Levels and vault maps discovered:
D:1:      dpeg_arrival_renting, layout_rooms, shapermc_ecumenical_altar_gd
D:2:      layout_loops_corners
D:3:      layout_rooms, hellmonk_ghost_happy_afterlife, serial_shops,
          nicolae_shop_stone
D:4:      layout_gridville, hangedman_decor_peaks_small, minmay_quadrilaterals

Skill      XL: |  1  2  3  4  5  6 |
---------------+-------------------+-----
Fighting       | 4 |  4.6
Dodging        | 1 |  1.8
Evocations     | 1 2 |  2.4
Polearms       | 1 |  1.9
Armour         | 3 |  3.9
Axes           | 3 |  3.6
Throwing       | |  0.1
Shields        | |  0.6
Invocations    | |  2.2

Action                   |  1- 3 |  4- 6 |  7- 9 || total
-------------------------+-------+-------+-------++-------
Melee: Hand axe          |   115 |   147 |    22 ||   284
       Punch             |     3 |       |       ||     3
Throw: Throwing net      |       |     2 |     1 ||     3
 Stab: Sleeping          |     1 |       |       ||     1
       Held in net/web   |       |       |     1 ||     1
Armor: Leather armour    |    34 |       |       ||    34
       Chain mail        |    20 |    88 |     6 ||   114
Dodge: Dodged            |    87 |    61 |     6 ||   154
Block: Buckler           |       |    18 |     3 ||    21
